 Dungeon Crawl Stone Soup version 0.19.1-1-g22dce08 (webtiles) character file.

41883 esteth the Minotaur Catastrophe (level 13, -1/111 HPs)
             Began as a Minotaur Fighter on Jan 11, 2017.
             Was an Elder of Qazlal.
             Shot themself with a cutting wind (27 damage)
             ... on level 6 of the Lair of Beasts on Jan 12, 2017.
             The game lasted 00:51:46 (18320 turns).

esteth the Minotaur Catastrophe (Minotaur Fighter) Turns: 18320, Time: 00:51:48

Health: -1/111     AC: 15    Str: 26    XL:     13   Next: 82%
Magic:  20/24      EV:  6    Int:  5    God:    Qazlal [****..]
Gold:   941        SH: 17    Dex: 11    Spells: 0 memorised, 12 levels left

rFire  . . .     SeeInvis .     B - +5 broad axe of Qaec {chop, *Noise +Rage +Inv rN+}
rCold  . . .     Gourm    .     v - +1 plate armour
rNeg   + . .     Faith    .     c - +1 shield
rPois  .         Spirit   .     q - +0 hat {MR+}
rElec  .         Reflect  .     (no cloak)
rCorr  .         Harm     .     (no gloves)
MR     ++...     Clarity  +     b - +0 pair of boots
Stlth  ..........               (no amulet)
                                N - ring of protection from magic
                                E - +3 ring of strength

@: repel missiles
A: retaliatory headbutt, horns 2, yellow scales 1, clarity, clumsy 1, sturdy
frame 1
a: Upheaval, Elemental Force, Renounce Religion, Evoke Berserk Rage, Evoke
Invisibility


You were on level 6 of the Lair of Beasts.
You worshipped Qazlal.
Qazlal was greatly pleased with you.
You were hungry.

You visited 3 branches of the dungeon, and saw 16 of its levels.
You also visited: Ossuary and Bailey.

You collected 1148 gold pieces.
You spent 207 gold pieces at shops.

Inventory:

Hand Weapons
 a - a +1 war axe
 B - the +5 broad axe of Qaec (weapon) {chop, *Noise +Rage +Inv rN+}
   (You bought it in a shop on level 4 of the Dungeon)

   It inflicts extra damage upon your enemies.
   It protects you from negative energy.
   It lets you turn invisible.
   It lets you go berserk.
   It may make noises in combat.
Missiles
 D - 2 javelins (quivered)
 G - 18 tomahawks of returning
Armour
 b - a +0 pair of boots (worn)
 c - a +1 shield (worn)
 q - a +0 hat of magic resistance (worn)
 v - a +1 plate armour (worn)
 F - a +0 chain mail
Jewellery
 x - a cursed -3 ring of protection {unknown}
 E - a +3 ring of strength (left hand)
 N - a ring of protection from magic (right hand)
Wands
 p - a wand of flame (27/48)
 y - a wand of disintegration (7/24)
 K - a wand of lightning (10/15)
 L - a wand of lightning (6/15)
 T - a wand of lightning (5/15)
Scrolls
 g - 2 scrolls of teleportation
 h - 2 scrolls of fear
 j - 8 scrolls of identify
 t - a scroll of immolation {unknown}
 A - 2 scrolls of magic mapping {unknown}
 C - a scroll of recharging
 H - 2 scrolls of amnesia
 M - a scroll of remove curse
 P - a scroll of vulnerability {unknown}
 Q - a scroll of enchant armour
 U - a scroll of silence {unknown}
Potions
 d - 3 potions of might
 e - 3 potions of magic
 m - 4 potions of flight
 n - 2 potions of haste
 r - a potion of resistance
 s - 3 potions of cure mutation
 u - 3 potions of agility
 z - a potion of cancellation {unknown}
 J - a potion of ambrosia
 O - 2 potions of invisibility {unknown}
Books
 l - a book of Misfortune

   Spells                             Type                      Level
   a - Confusing Touch                Hexes                        1
   b - Confuse                        Hexes                        3
   c - Gell's Gravitas                Hexes/Translocation          3
   d - Petrify                        Transmutation/Earth          4
   e - Metabolic Englaciation         Hexes/Ice                    5
   f - Yara's Violent Unravelling     Hexes/Transmutation          5
Comestibles
 f - 5 bread rations {@e1}
 i - 10 meat rations {@e2}
 k - 22 fruits
 o - 2 slices of pizza
 w - 8 beef jerkies
 I - 8 royal jellies


   Skills:
 - Level 9.3 Fighting
 - Level 15.1 Axes
 - Level 3.9 Armour
 - Level 6.5 Shields
 + Level 17.0 Invocations
 - Level 3.5 Evocations


You had 12 spell levels left.
You didn't know any spells.

Dungeon Overview and Level Annotations

Branches:
Dungeon (9/15)             Temple (1/1) D:6            Lair (6/6) D:8
 Shoals (0/4) Lair:2       Spider (0/4) Lair:2        Slime (0/5) Lair:6
    Orc (0/2) D:9

Altars:
Ashenzari
Cheibriados
Dithmenos
Elyvilon
Fedhas
Gozag
Hepliaklqana
Kikubaaqudgha
Makhleb
Nemelex Xobeh
Okawaru
Qazlal
Ru
Sif Muna
Trog
Uskayaw
Vehumet
Xom
Yredelemnul
Zin
The Shining One
Beogh

Shops:
D:4 :((   D:9 (

Annotations:
Lair:5 Paps's ghost, journeyman DsFi


Innate Abilities, Weirdness & Mutations

You reflexively headbutt those who attack you in melee.
You have a pair of horns on your head.
You are partially covered in yellow scales. (AC +2)
You possess an exceptional clarity of mind.
You are clumsy. (Dex -2)
Your movements are slightly less encumbered by armour. (ER -2)


Message History

Press: ? - help, Dir - move target cursor, p - six-headed hydra A storm cloud blasts the area with cutting wind!
You block the six-headed hydra's attack. x2
The six-headed hydra bites you but does no damage.
The six-headed hydra bites you.
* * * LOW HITPOINT WARNING * * *
You block the six-headed hydra's attack.
The six-headed hydra bites you.
* * * LOW HITPOINT WARNING * * *
Aiming: Upheaval
Press: ? - help, Dir - move target cursor, f - six-headed hydra
Aim: a six-headed hydra (sparse dust, heavily wounded) That beam is likely to hit you.
Continue anyway?
A storm cloud blasts the area with cutting wind!
The cutting wind hits the six-headed hydra.
You kill the six-headed hydra!
Qazlal accepts your kill.
Your Invocations skill increases to level 17!
The cutting wind hits you!
You die...

###### #.....†...<..
###P...# ##...........
..#...P#### ###.........
........#.# ###.(.......
.........## #...(.§§....
#........###...(.......
#####....##....(.§.....
#.........##..§§§......
##..#.....P##...@.......
.#...#.....#..§§..§.....
.#####....###.§.........
.#.#....#.# #...........
.#....#.### #...........
......#...# #...........
#.#...##..# ##..........
......#...# ##.........
.#.....#### #..........


There were no monsters in sight!

Vanquished Creatures
  Gastronok (Lair:2)
  The ghost of terep12 the Fencer, a journeyman GrBe of Trog (Lair:4)
  Josephine (Lair:4)
  7 hydras
  Erica (D:9)
  A catoblepas (Lair:4)
  2 death yaks (Lair:6)
  A lindwurm (Lair:1)
  Pikel (D:7)
  A black mamba (Lair:6)
  6 elephants
  Joseph (D:7)
  8 spiny frogs
  A torpor snail (Lair:6)
  4 rime drakes
  3 polar bears
  4 jumping spiders (Lair:2)
  A tyrant leech (Lair:6)
  4 hornets (D:8)
  13 blink frogs
  Prince Ribbit (D:7)
  2 slime creatures (Lair:6)
  5 hippogriffs
  A snapping turtle (Lair:2)
  2 redbacks (Lair:2)
  24 yaks
  5 wraiths (Lair:4)
  2 wyverns
  A hungry ghost (D:8)
  3 basilisks
  Eustachio (D:5)
  A swamp worm (Lair:6)
  Edmund (D:5)
  Menkaure (D:5)
  13 water moccasins
  9 porcupines
  2 black bears
  Duvessa (D:7)
  13 orc warriors
  An eye of draining (D:9)
  2 ice beasts (D:5)
  A sky beast (D:9)
  4 slaves (D:7)
  3 ogres
  3 phantoms (D:9)
  20 wolves
  7 centaurs
  11 crocodiles
  2 big kobolds
  Blork the orc (D:5)
  9 bullfrogs
  Dowan (D:7)
  7 scorpions
  A water moccasin skeleton (D:7)
  18 killer bees
  9 wights
  3 electric eels
  A howler monkey (D:4)
  6 crimson imps
  2 bullfrog zombies
  2 human zombies (Ossuary)
  3 jellies
  4 hounds
  A gnoll shaman (D:5)
  7 orc priests
  A bullfrog skeleton (D:6)
  A centaur skeleton (D:8)
  2 iguanas
  4 worker ants
  5 orc wizards
  3 big kobold zombies (Ossuary)
  2 hound skeletons
  3 mummies (Ossuary)
  A howler monkey zombie (D:9)
  A worker ant zombie (D:8)
  Robin (D:4)
  12 gnolls
  2 howler monkey skeletons
  5 adders
  3 river rats (D:8)
  A shadow imp (D:5)
  6 adder zombies
  An adder skeleton (D:7)
  4 worms
  5 leopard geckos
  42 orcs
  2 ball pythons
  9 bats
  9 giant cockroaches
  A gnoll zombie (Ossuary)
  22 goblins
  8 hobgoblins
  25 kobolds
  4 quokkas
  5 frilled lizards
  A giant cockroach zombie (D:6)
  A goblin zombie (Ossuary)
  3 hobgoblin zombies (Ossuary)
  5 jackal zombies (Ossuary)
  5 kobold zombies (Ossuary)
  A leopard gecko zombie (D:5)
  3 orc zombies (Ossuary)
  A quokka skeleton (D:7)
  2 quokka zombies (Ossuary)
  26 rats
  A rat zombie (Ossuary)
  A bush (Lair:2)
  A butterfly (Lair:4)
  20 fungi
  9 plants
549 creatures vanquished.

Vanquished Creatures (others)
  A water moccasin (D:9)
  14 fungi
  9 plants
24 creatures vanquished.

Grand Total: 573 creatures vanquished

Notes
Turn   | Place    | Note
-------+----------+-------------------------------------------
     0 | D:1      | esteth the Minotaur Fighter began the quest for the Orb.
     0 | D:1      | Reached XP level 1. HP: 19/19 MP: 0/0
   191 | D:1      | Reached XP level 2. HP: 26/26 MP: 1/1
   618 | D:2      | Reached XP level 3. HP: 31/31 MP: 2/2
  1467 | D:3      | You fall through a shaft!
  1467 | D:4      | Found Ecixt's Antique Weapon Shoppe.
  1467 | D:4      | Noticed a scorpion
  1503 | D:4      | Reached skill level 5 in Axes
  1503 | D:4      | Reached XP level 4. HP: 39/39 MP: 3/3
  1583 | D:4      | Noticed Robin
  1612 | D:4      | Killed Robin
  2141 | D:4      | Reached XP level 5. HP: 42/45 MP: 4/4
  2266 | D:4      | Found Zownisoczi's Book Boutique.
  2445 | D:4      | Bought an ancient broad axe for 207 gold pieces
  2445 | D:4      | Identified the +5 broad axe of Qaec {chop, *Noise +Rage +Inv rN+} (You bought it in a shop on level 4 of the Dungeon)
  2680 | D:4      | Reached XP level 6. HP: 51/51 MP: 5/5
  2681 | D:4      | Found Ryschylid's Antique Weapon Shop.
  2813 | D:5      | Entered Level 5 of the Dungeon
  2996 | D:5      | Noticed an ice beast
  3031 | D:5      | Killed an ice beast
  3109 | D:5      | Noticed Eustachio
  3111 | D:5      | Killed Eustachio
  3114 | D:5      | Reached XP level 7. HP: 57/57 MP: 6/6
  3217 | D:5      | Noticed Menkaure
  3227 | D:5      | Killed Menkaure
  3227 | D:5      | Reached skill level 10 in Axes
  3581 | D:5      | Noticed Edmund
  3604 | D:5      | Killed Edmund
  3606 | D:5      | Reached XP level 8. HP: 8/64 MP: 7/7
  4048 | D:5      | Gained mutation: You are partially covered in yellow scales. (AC +2) [potion of beneficial mutation]
  4049 | D:5      | Gained mutation: You are clumsy. (Dex -2) [potion of mutation]
  4049 | D:5      | Gained mutation: Your movements are slightly less encumbered by armour. (ER -2) [potion of mutation]
  4049 | D:5      | Gained mutation: You possess an exceptional clarity of mind. [potion of mutation]
  4314 | D:6      | Noticed Blork the orc
  4326 | D:5      | Killed Blork the orc
  4539 | D:6      | Reached skill level 5 in Fighting
  4740 | D:6      | Found a staircase to the Ecumenical Temple.
  4749 | Temple   | Entered the Ecumenical Temple
  4897 | Temple   | Became a worshipper of Qazlal Stormbringer
  5163 | D:7      | Found a sand-covered staircase.
  5172 | Ossuary  | Entered an ossuary
  5222 | Ossuary  | Reached skill level 1 in Invocations
  5237 | Ossuary  | Reached * piety under Qazlal
  5284 | Ossuary  | Reached skill level 2 in Invocations
  5284 | Ossuary  | Reached XP level 9. HP: 79/79 MP: 9/9
  5501 | D:7      | Reached skill level 3 in Invocations
  5591 | D:7      | Reached skill level 4 in Invocations
  5607 | D:7      | Noticed Pikel
  5623 | D:7      | Reached ** piety under Qazlal
  5678 | D:7      | Reached skill level 5 in Invocations
  5687 | D:7      | Killed Pikel
  5687 | D:7      | Reached skill level 6 in Invocations
  5788 | D:7      | Noticed Prince Ribbit
  5795 | D:7      | Killed Prince Ribbit
  5795 | D:7      | Reached skill level 7 in Invocations
  5831 | D:7      | Noticed Duvessa
  5849 | D:7      | Noticed Dowan
  5851 | D:7      | Killed Duvessa
  5862 | D:7      | Killed Dowan
  5862 | D:7      | Reached skill level 5 in Shields
  6032 | D:7      | Noticed Joseph
  6070 | D:7      | Killed Joseph
  6426 | D:8      | Reached skill level 1 in Evocations
  6426 | D:8      | Reached XP level 10. HP: 76/86 MP: 14/14
  6484 | D:8      | Reached *** piety under Qazlal
  6777 | D:8      | Reached skill level 8 in Invocations
  6843 | D:8      | Found a flagged portal.
  6854 | Bailey   | Entered a bailey
  7261 | D:8      | Reached **** piety under Qazlal
  7320 | D:8      | Paralysed by a hornet for 1 turns
  8008 | D:8      | Found a staircase to the Lair.
  8088 | D:9      | Noticed Erica
  8103 | D:9      | Killed Erica
  8325 | D:9      | Reached XP level 11. HP: 85/92 MP: 16/16
  8625 | D:9      | Found a roughly hewn altar of Beogh.
  8625 | D:9      | Found a staircase to the Orcish Mines.
  8970 | D:9      | Reached skill level 15 in Axes
  9295 | D:9      | Found Daneacvaenku's Weapon Emporium.
  9389 | Lair:1   | Entered Level 1 of the Lair of Beasts
  9774 | Lair:1   | Found a dark tunnel.
  9775 | Lair:1   | Noticed a lindwurm
 10767 | Lair:1   | Killed a lindwurm
 10917 | Lair:1   | Reached skill level 9 in Invocations
 11184 | Lair:2   | Noticed Gastronok
 11252 | Lair:2   | Killed Gastronok
 11252 | Lair:2   | Reached skill level 10 in Invocations
 11454 | Lair:2   | Reached XP level 12. HP: 95/104 MP: 19/19
 11459 | Lair:2   | Reached skill level 11 in Invocations
 11751 | Lair:2   | Found a hole to the Spider Nest.
 11960 | Lair:2   | Found a staircase to the Shoals.
 12274 | Lair:3   | Reached skill level 12 in Invocations
 12353 | Lair:3   | Noticed a six-headed hydra
 12366 | Lair:3   | Killed an eight-headed hydra
 12839 | Lair:3   | Reached skill level 13 in Invocations
 13755 | Lair:4   | Reached skill level 14 in Invocations
 13769 | Lair:4   | Noticed a catoblepas
 13901 | Lair:4   | Killed a catoblepas
 13944 | Lair:4   | Noticed terep12's ghost (journeyman GrBe)
 13972 | Lair:4   | Killed terep12's ghost
 13972 | Lair:4   | Reached XP level 13. HP: 74/111 MP: 9/22
 14034 | Lair:4   | Noticed Josephine
 14039 | Lair:4   | Killed Josephine
 15098 | Lair:5   | Reached skill level 15 in Invocations
 15392 | Lair:5   | Noticed Paps's ghost (journeyman DsFi)
 16491 | Lair:5   | Found an opulent altar of Gozag.
 16812 | Lair:6   | Entered Level 6 of the Lair of Beasts
 16820 | Lair:6   | Reached skill level 16 in Invocations
 18191 | Lair:6   | Found a staircase to the Slime Pits.
 18320 | Lair:6   | Reached skill level 17 in Invocations
 18320 | Lair:6   | Shot themself with a cutting wind

Skill      XL: |  1  2  3  4  5  6  7  8  9 10 11 12 13 |
---------------+----------------------------------------+-----
Axes           | 3 5 6 7 9 11 12 14 15 | 15.1
Fighting       | 7 9 |  9.3
Invocations    | 2 7 8 10 14 17 | 17.0
Shields        | 6 |  6.5
Evocations     | 1 3 |  3.5
Armour         | |  3.9

Action                   |  1- 3 |  4- 6 |  7- 9 | 10-12 | 13-15 || total
-------------------------+-------+-------+-------+-------+-------++-------
Melee: War axe           |    82 |    59 |       |       |       ||   141
       Headbutt          |     9 |    12 |    41 |   112 |    68 ||   242
       Broad axe         |       |    34 |   251 |   581 |   291 ||  1157
Throw: Javelin           |       |       |       |     4 |    12 ||    16
Invok: Upheaval          |       |       |       |    15 |     7 ||    22
 Abil: Evoke Invisibilit |       |       |       |       |     1 ||     1
  Use: Potion            |       |       |    12 |     7 |     1 ||    20
       Scroll            |       |       |    12 |     6 |       ||    18
 Stab: Invisible         |       |       |       |       |     1 ||     1
  Eat: Chunk             |     2 |     5 |     6 |    19 |     9 ||    41
       Bread ration      |       |       |     1 |       |     1 ||     2
       Fruit             |       |       |       |     4 |       ||     4
       Royal jelly       |       |       |       |     1 |       ||     1
       Beef jerky        |       |       |       |     1 |       ||     1
Armor: Scale mail        |    40 |    16 |       |       |       ||    56
       Chain mail        |       |     3 |    37 |       |       ||    40
       Plate armour      |       |       |    72 |   198 |   122 ||   392
Dodge: Dodged            |    18 |    14 |    37 |    99 |    41 ||   209
       Deflected         |       |       |       |     1 |       ||     1
Block: Shield            |    32 |    39 |   141 |   507 |   207 ||   926
